 Dungeon Crawl Stone Soup version 0.18.1-50-g88ac8fd (webtiles) character file.

21541 go0n the Severer (level 12, 0/105 HPs)
             Began as a Minotaur Fighter on Sept 28, 2016.
             Was the Champion of Okawaru.
             Slain by a seven-headed hydra (10 damage)
             ... on level 5 of the Lair of Beasts.
             The game lasted 00:46:05 (17723 turns).

go0n the Severer (Minotaur Fighter)                Turns: 17723, Time: 00:46:06

Health: 0/105      AC: 12    Str: 22    XL:     12   Next: 55%
Magic:  18/18      EV:  6    Int:  2    God:    Okawaru [******]
Gold:   833        SH:  5    Dex: 12    Spells: 0 memorised, 11 levels left

rFire  . . .     SeeInvis +     i - +2 war axe (elec)
rCold  + + +     Gourm    .     I - +1 leather armour of Vetik {rC+++ rCorr Int-3 SInv}
rNeg   + . .     Faith    .     C - +0 buckler
rPois  .         Spirit   .     (helmet restricted)
rElec  .         Dismiss  .     p - +0 cloak
rCorr  +         Reflect  .     Y - +0 pair of gloves of the Komodo Dragon {+Fly MR+ MP+9 Str-2}
SustAt .         Harm     +     e - +2 pair of boots
MR     ++...     Rnd*Rage +     P - amulet of harm
Stlth  +.........               F - ring of protection from magic
                                j - ring of positive energy

@: very resistant to hostile enchantments, very unstealthy
A: retaliatory headbutt, claws 2, horns 2, icy blue scales 1, berserk 1, blink,
frail 1, low mp 1, screaming 1
a: Blink, Heroism, Finesse, Renounce Religion, Evoke Flight


You were on level 5 of the Lair of Beasts.
You worshipped Okawaru.
Okawaru was exalted by your worship.
You were not hungry.

You visited 2 branches of the dungeon, and saw 14 of its levels.
You also visited: Ossuary.

You collected 833 gold pieces.

Inventory:

Hand Weapons
 a - a +0 war axe
 i - a +2 war axe of electrocution (weapon)
 q - a +2 hand axe
 H - a +3 hand axe of freezing
 S - a +0 broad axe
Missiles
 r - 12 tomahawks (quivered)
 B - 7 tomahawks of returning
Armour
 c - a +0 shield
 e - a +2 pair of boots (worn)
 p - a +0 cloak (worn)
 w - a +2 leather armour of poison resistance
 C - a +0 buckler (worn)
 I - the +1 leather armour of Vetik (worn) {rC+++ rCorr Int-3 SInv}
   (You found it on level 7 of the Dungeon)

   It affects your intelligence (-3).
   It renders you almost immune to cold.
   It lets you see invisible.
   It protects you from acid and corrosion.
 O - a +0 ring mail
 Y - the +0 pair of gloves of the Komodo Dragon (worn) {+Fly MR+ MP+9 Str-2}
   (Okawaru gifted it to you on level 2 of the Lair of Beasts)

   It affects your strength (-2).
   It affects your resistance to hostile enchantments.
   It affects your magic capacity (+9).
   It lets you fly.
Jewellery
 g - an uncursed ring of stealth
 j - a ring of positive energy (left hand)
 s - an uncursed ring of ice
 F - a ring of protection from magic (right hand)
 P - an amulet of harm (around neck)
Wands
 n - a wand of random effects (26/48)
 z - a wand of digging (22/24)
 D - a wand of lightning (7/15)
 G - a wand of teleportation (1/9)
 R - a wand of lightning (7/15)
 T - a wand of enslavement (10/24)
 X - a wand of slowing (30/48)
Scrolls
 d - a scroll of fog {unknown}
 l - 6 scrolls of remove curse
 m - 11 scrolls of identify
 u - a scroll of random uselessness {unknown}
 v - 3 scrolls of amnesia
 N - 2 scrolls of recharging
 V - 2 scrolls of teleportation
 W - 2 scrolls of magic mapping
Potions
 b - 2 potions of flight
 h - 2 potions of berserk rage {unknown}
 t - 3 potions of curing
 x - 2 potions of magic
 K - 2 potions of cure mutation
Books
 o - a book of Spatial Translocations

   Spells                             Type                      Level
   a - Apportation                    Translocation                1
   b - Blink                          Translocation                2
   c - Shroud of Golubria             Charms/Translocation         2
   d - Portal Projectile              Translocation                3
   e - Teleport Other                 Translocation                3
   f - Passage of Golubria            Translocation                4
 J - a book of the Warp

   Spells                             Type                      Level
   a - Recall                         Summoning/Translocation      3
   b - Gell's Gravitas                Hexes/Translocation          3
   c - Force Lance                    Conjuration/Translocation    4
   d - Warp Weapon                    Charms/Translocation         5
   e - Summon Forest                  Summoning/Translocation      5
 L - a book of Summonings

   Spells                             Type                      Level
   a - Recall                         Summoning/Translocation      3
   b - Aura of Abjuration             Summoning                    5
   c - Summon Demon                   Summoning                    5
   d - Summon Forest                  Summoning/Translocation      5
   e - Summon Mana Viper              Hexes/Summoning              5
   f - Shadow Creatures               Summoning                    6
Miscellaneous
 M - a fan of gales
Comestibles
 f - a bread ration
 k - 3 meat rations
 E - 12 fruits


   Skills:
 + Level 14.0 Fighting
 + Level 17.8 Axes
 * Level 9.1 Armour
 - Level 4.4 Shields


You had 11 spell levels left.
You didn't know any spells.

Dungeon Overview and Level Annotations

Branches:
Dungeon (9/15)             Temple (0/1) D:7            Lair (5/8) D:9
  Swamp (0/4) Lair:4
  Snake: Lair:3-6    Spider: Lair:3-6       Orc: D:9-12

Altars:
Ashenzari
Dithmenos
Fedhas
Kikubaaqudgha
Makhleb
Okawaru
Qazlal
Xom
Yredelemnul
Zin


Innate Abilities, Weirdness & Mutations

You reflexively headbutt those who attack you in melee.
You have a pair of horns on your head.
You have very sharp fingernails.
You are partially covered in icy blue scales (AC +1).
You tend to lose your temper in combat.
You can translocate small distances at will.
You are frail (-10% HP).
Your magical capacity is low (-10% MP).
You occasionally shout uncontrollably at your foes.


Message History

The seven-headed hydra completely misses you.
The seven-headed hydra bites you. The seven-headed hydra bites you! x2
The river rat bites you but does no damage.
A river rat comes into view.
The black mamba bites you but does no damage.
The river rat bites you but does no damage.
The black mamba bites you. The river rat barely misses you.
The river rat bites you but does no damage.
The seven-headed hydra bites you but does no damage.
The seven-headed hydra closely misses you.
The seven-headed hydra bites you.
* * * LOW HITPOINT WARNING * * *
The seven-headed hydra bites you.
* * * LOW HITPOINT WARNING * * *
The seven-headed hydra bites you.
* * * LOW HITPOINT WARNING * * *
The seven-headed hydra bites you!
* * * LOW HITPOINT WARNING * * *
The seven-headed hydra bites you!
You die...

.# #. # .##
##.###..# ##
.#.....#...
##........%.
#...........
##!..Y......
#.†D@r.....P
#..rrS.....#
##..YY.>....


rrr......... .r........... ###.(......... #P!........# #PP.#.....#$ You could
see a seven-headed hydra, a black mamba, 3 sheep and 7 river rats.

Vanquished Creatures
  A catoblepas (Lair:4)
  Pikel (D:5)
  Joseph (D:7)
  9 spiny frogs
  A rime drake (Lair:3)
  3 komodo dragons
  5 blink frogs (Lair:3)
  37 yaks
  Eustachio (D:6)
  A basilisk (D:9)
  3 hippogriffs
  6 water moccasins
  8 porcupines
  An orc warrior (D:6)
  4 sky beasts
  A slave (D:5)
  3 ice beasts
  2 ogres
  A phantom (D:4)
  5 centaurs
  9 wolves
  12 crocodiles
  Blork the orc (D:6)
  2 big kobolds
  11 giant frogs
  A gnoll sergeant (D:6)
  A wyvern skeleton (D:6)
  10 scorpions
  4 killer bees (D:8)
  9 wights (D:6)
  5 centaur zombies
  2 giant frog zombies
  A crimson imp (D:8)
  6 hounds
  2 jellies
  A centaur skeleton (D:5)
  4 human zombies (Ossuary)
  8 orc wizards
  A quasit (D:5)
  6 orc priests
  11 iguanas
  3 giant frog skeletons
  4 worker ants
  Terence (D:3)
  A killer bee zombie (D:5)
  32 sheep
  2 big kobold zombies (Ossuary)
  A hound zombie (D:5)
  2 mummies (Ossuary)
  A howler monkey zombie (D:5)
  A worker ant zombie (D:8)
  10 gnolls
  2 scorpion zombies (Ossuary)
  8 adders
  55 river rats
  A shadow imp (D:4)
  An ooze (D:1)
  2 adder skeletons (D:6)
  2 worms
  3 dart slugs (D:1)
  7 giant geckos
  28 orcs
  6 bats
  11 giant cockroaches
  2 gnoll zombies (Ossuary)
  8 goblins
  6 hobgoblins
  5 jackals
  16 kobolds
  9 quokkas
  4 ball pythons
  A giant gecko skeleton (D:4)
  A giant gecko zombie (D:6)
  5 giant newts
  2 goblin zombies (Ossuary)
  4 hobgoblin zombies (Ossuary)
  2 kobold zombies (Ossuary)
  An orc zombie (Ossuary)
  A quokka zombie (D:7)
  7 rats
  A bush (Lair:3)
  5 fungi
  15 plants
480 creatures vanquished.

Vanquished Creatures (others)
  A mummy (Ossuary)
  A goblin zombie (Ossuary)
  2 bushes (D:9)
  A fungus (Lair:3)
  5 plants
10 creatures vanquished.

Grand Total: 490 creatures vanquished

Notes
Turn   | Place    | Note
--------------------------------------------------------------
     0 | D:1      | go0n the Minotaur Fighter began the quest for the Orb.
     0 | D:1      | Reached XP level 1. HP: 19/19 MP: 0/0
   211 | D:1      | Reached XP level 2. HP: 27/27 MP: 1/1
   748 | D:1      | Reached skill level 3 in Axes
   966 | D:2      | Reached XP level 3. HP: 31/33 MP: 2/2
  1284 | D:2      | Reached skill level 4 in Axes
  1305 | D:2      | Found an iron altar of Okawaru.
  1320 | D:2      | Became a worshipper of Warmaster Okawaru
  1410 | D:1      | Reached XP level 4. HP: 39/40 MP: 3/3
  1459 | D:2      | Found a stormy altar of Qazlal.
  2175 | D:3      | Noticed a sky beast
  2199 | D:3      | Killed a sky beast
  2199 | D:3      | Reached skill level 5 in Fighting
  2199 | D:3      | Reached skill level 5 in Axes
  2199 | D:3      | Reached XP level 5. HP: 30/48 MP: 4/4
  2202 | D:3      | Reached * piety under Okawaru
  2221 | D:2      | Gained mutation: Scrolls take you a little longer to read. [mutagenic meat]
  2399 | D:2      | Gained mutation: Your magical capacity is low (-10% MP). [mutagenic meat]
  2401 | D:2      | Gained mutation: You are robust (+10% HP). [mutagenic meat]
  2402 | D:2      | Gained mutation: You tend to lose your temper in combat. [mutagenic meat]
  2810 | D:3      | Reached XP level 6. HP: 61/61 MP: 4/4
  2845 | D:3      | Reached skill level 6 in Axes
  3105 | D:3      | Found a faded altar to an unknown god.
  3106 | D:3      | Noticed Terence
  3126 | D:3      | Killed Terence
  3326 | D:3      | Found a shimmering altar of Xom.
  3327 | D:3      | Found a blossoming altar of Fedhas.
  3420 | D:4      | Found a shattered altar of Ashenzari.
  3565 | D:4      | Found a shadowy altar of Dithmenos.
  3648 | D:4      | Reached skill level 7 in Axes
  3732 | D:4      | Reached XP level 7. HP: 67/69 MP: 5/5
  3748 | D:4      | Found a burning altar of Makhleb.
  4017 | D:5      | Entered Level 5 of the Dungeon
  4125 | D:5      | Reached ** piety under Okawaru
  4231 | D:5      | Reached skill level 8 in Axes
  4248 | D:5      | Noticed Pikel
  4277 | D:5      | Killed Pikel
  4277 | D:5      | Reached *** piety under Okawaru
  4277 | D:5      | Reached skill level 9 in Axes
  4277 | D:5      | Reached XP level 8. HP: 31/81 MP: 6/6
  4862 | D:5      | Reached skill level 10 in Axes
  4997 | D:6      | Noticed Blork the orc
  5011 | D:6      | Killed Blork the orc
  5109 | D:6      | Lost mutation: Your magical capacity is low (-10% MP). [potion of cure mutation]
  5109 | D:6      | Lost mutation: You are robust (+10% HP). [potion of cure mutation]
  5109 | D:6      | Lost mutation: Scrolls take you a little longer to read. [potion of cure mutation]
  5109 | D:6      | Lost mutation: You tend to lose your temper in combat. [potion of cure mutation]
  5234 | D:6      | Gained mutation: You are partially covered in icy blue scales (AC +1). [mutagenic meat]
  5235 | D:6      | Gained mutation: You occasionally shout uncontrollably at your foes. [mutagenic meat]
  5236 | D:6      | Gained mutation: Your spells are a little harder to cast, but a little more powerful. [mutagenic meat]
  5237 | D:6      | Gained mutation: Your magical capacity is low (-10% MP). [mutagenic meat]
  5238 | D:6      | Lost mutation: Your spells are a little harder to cast, but a little more powerful. [mutagenic meat]
  5239 | D:6      | Gained mutation: You tend to lose your temper in combat. [mutagenic meat]
  5328 | D:6      | Noticed Eustachio
  5337 | D:6      | Reached skill level 11 in Axes
  5343 | D:6      | Reached **** piety under Okawaru
  5371 | D:6      | Killed Eustachio
  5371 | D:6      | Reached XP level 9. HP: 64/82 MP: 7/7
  5531 | D:6      | Found an ancient bone altar of Kikubaaqudgha.
  5664 | D:6      | Found a glowing silver altar of Zin.
  5893 | D:6      | Reached skill level 12 in Axes
  6082 | D:6      | Reached ***** piety under Okawaru
  6281 | D:6      | Reached skill level 10 in Fighting
  6304 | D:6      | Gained mutation: You have sharp fingernails. [mutagenic meat]
  6306 | D:6      | Gained mutation: You have very sharp fingernails. [mutagenic meat]
  6307 | D:6      | Gained mutation: You are frail (-10% HP). [mutagenic meat]
  6700 | D:7      | Reached skill level 13 in Axes
  6733 | D:7      | Found a staircase to the Ecumenical Temple.
  6791 | D:7      | Got a transparent leather armour
  6802 | D:7      | Identified the cursed +1 leather armour of Vetik {rC+++ rCorr Int-3 SInv} (You found it on level 7 of the Dungeon)
  6986 | D:7      | Found a basalt altar of Yredelemnul.
  7135 | D:7      | Noticed Joseph
  7151 | D:7      | Killed Joseph
  7335 | D:8      | Found a sand-covered staircase.
  7368 | Ossuary  | Entered an ossuary
  7417 | Ossuary  | Reached XP level 10. HP: 66/84 MP: 8/8
  8586 | D:8      | Reached skill level 14 in Axes
 10096 | D:9      | Reached skill level 15 in Axes
 10138 | D:9      | Reached ****** piety under Okawaru
 10139 | D:9      | Received a gift from Okawaru
 10483 | D:9      | Found a staircase to the Lair.
 10511 | D:9      | Reached XP level 11. HP: 93/93 MP: 8/8
 10602 | D:8      | HP: 3/93 [porcupine's spines (5)]
 11006 | Lair:1   | Entered Level 1 of the Lair of Beasts
 11106 | Lair:1   | Gained mutation: You can translocate small distances at will. [potion of beneficial mutation]
 11170 | Lair:1   | Reached skill level 16 in Axes
 12629 | Lair:2   | Received a gift from Okawaru
 12647 | Lair:2   | Got a pair of heavily runed gloves {god gift}
 12653 | Lair:2   | Identified the +0 pair of gloves of the Komodo Dragon {+Fly MR+ MP+9 Str-2} (Okawaru gifted it to you on level 2 of the Lair of Beasts)
 12989 | Lair:2   | Reached skill level 17 in Axes
 14161 | Lair:3   | Reached skill level 5 in Armour
 14382 | Lair:3   | Reached XP level 12. HP: 100/103 MP: 9/9
 14479 | Lair:3   | HP: 1/103 [porcupine's spines (13)]
 15986 | Lair:3   | Got a warped spear
 15987 | Lair:3   | Identified the +1 spear of Hukih {flame, rElec} (You found it on level 3 of the Lair of Beasts)
 16024 | Lair:4   | Found a staircase to the Swamp.
 16195 | Lair:4   | Received a gift from Okawaru
 16396 | Lair:4   | Noticed a catoblepas
 16424 | Lair:4   | Killed a catoblepas
 17713 | Lair:5   | Noticed a six-headed hydra
 17723 | Lair:5   | Slain by a seven-headed hydra

Skill      XL: |  1  2  3  4  5  6  7  8  9 10 11 12 |
---------------+-------------------------------------+-----
Shields        | 4 |  4.4
Axes           | 3 4 5 7 9 11 13 15 17 | 17.8
Fighting       | 4 5 6 7 8 10 11 13 14 | 14.0
Armour         | 6 9 |  9.1

Action                   |  1- 3 |  4- 6 |  7- 9 | 10-12 || total
-------------------------+-------+-------+-------+-------++-------
Melee: War axe           |    69 |    12 |       |   376 ||   457
       Headbutt          |    11 |    23 |    88 |   112 ||   234
       Hand axe          |       |   141 |   363 |   271 ||   775
       Unarmed           |       |       |    22 |       ||    22
Invok: Heroism           |       |       |     1 |     1 ||     2
Evoke: Wand              |       |       |     2 |     1 ||     3
  Use: Scroll            |     5 |     1 |     7 |     7 ||    20
       Potion            |       |     3 |    12 |     8 ||    23
 Stab: Sleeping          |       |     3 |       |       ||     3
       Petrified         |       |       |       |     1 ||     1
  Eat: Chunk             |     2 |     8 |    13 |     5 ||    28
       Bread ration      |       |     1 |     1 |     3 ||     5
       Royal jelly       |       |       |     1 |     2 ||     3
       Meat ration       |       |       |     1 |     2 ||     3
       Fruit             |       |       |       |     1 ||     1
       Beef jerky        |       |       |       |     1 ||     1
Armor: Scale mail        |    48 |     8 |       |       ||    56
       Ring mail         |       |    18 |       |       ||    18
       Leather armour    |       |    27 |   120 |   144 ||   291
Dodge: Dodged            |    33 |    71 |   160 |   221 ||   485
Block: Buckler           |    18 |    27 |    85 |    98 ||   228
